Unix NetHack Version 5.0.0-0 post-release - last build Jun 10 2026 00:39:30 (3ee93aec679c4c4259841fe613dc97188e26a321,branch:main).

Game began 2026-06-24 19:29:59, ended 2026-06-24 20:29:14.

Eymerich, chaotic male elven Priest

                                                          --------
   ----                             -------               |)....)|
   |%%.|                            |>.....##             |)...).+
   |!%.-#                           |.....| ######        |)..)..|
   |%%.|#                           |.....|      #        |..)...|
   ---- #                           |.....|      #        |......|
        #                           -----+-      #        -.------
        #                                ##      ##       0####
       ##                                 #       ###      d
       #          ------                  #     ######     #@q##
      ##          |..<.|                  #     ######  -------.--
     ##           |.....##)               ##  ###    ###-........|
     #-------     |....|  ####   ----------|- ###       |........|
     #|...()|  ###.....|     #   |...........##        #.........|
     #......-###  ------     ####...........|           ----------
      |.....|                    |..........|
      |>....|                    |...........
      -------                    ------------

Eymerich the Adept           St:13 Dx:12 Co:14 In:10 Wi:18 Ch:10  Chaotic
Dlvl:3  $:28 HP:0(45) Pw:22(91) AC:1  Xp:6 T:3482  Burdened Deaf

Latest messages:
 The rothe misses!
 The rothe misses!
 The rothe bites!
 The rothe bites again!
 What do you want to use or apply? [jzF or ?*]
 You start playing your leather drum.
 You beat a deafening row!
 The rothe turns to flee.
 The little dog turns to flee.
 There is a partly eaten rothe corpse here; eat it? [ynq] (n)
 You resume your meal.
 You finish eating the rothe corpse.
 You have a little trouble lifting H - a blessed dart (at the ready) (40 in total).
 In what direction?
 You feel better.
 The rothe misses!
 The rothe misses!
 The rothe misses!
 You hit the rothe.
 The rothe just misses!
 The rothe bites!
 The rothe bites again!
 The rothe hits!
 The rothe bites!
 The rothe misses!
 You hit the rothe.
 You hit the rothe.
 You miss the rothe.
 The rothe hits!
 The rothe misses!
 The rothe bites!
 The rothe hits!
 The rothe bites!
 The rothe misses!
 You fail to cast the spell correctly.
 The rothe misses!
 The rothe misses!
 The rothe just misses!
 Are you waiting to get hit?  Use 'm' prefix to force a no-op (to rest).
 You hit the rothe!
 The rothe misses!
 The rothe misses!
 The rothe bites!
 You miss the rothe.
 The rothe hits!
 The rothe bites!
 The rothe bites again!
 You die...
 Do you want your possessions identified? [ynq] (y)
 Do you want to see your attributes? [ynq] (y)

Inventory:
 Coins    ('$')
  $ - 28 gold pieces
 Weapons  (')')
  S - a +3 arrow
  M - 10 +0 arrows
  B - a +0 bow
  o - a +0 sling
  w - a +0 sling
  H - 40 blessed +1 darts (at the ready)
  t - a +0 aklys
  a - a blessed +1 mace (weapon in right hand)
 Armor    ('[')
  O - a +0 dwarvish iron helm
  P - a +0 pair of iron shoes (being worn)
  b - a +0 robe (being worn)
  L - a +0 elven mithril-coat (being worn)
 Comestibles  ('%')
  m - an apple
  e - a clove of garlic
  N - a food ration
  g - a fortune cookie
  f - 2 sprigs of wolfsbane
 Scrolls  ('?')
  q - a scroll of amnesia
  u - 2 scrolls of create monster
 Spellbooks  ('+')
  z - a blessed spellbook of drain life
 Potions  ('!')
  l - a potion of booze
  R - a cursed potion of booze
  s - a potion of extra healing
  p - a potion of healing
  r - a potion of monster detection
  d - 4 potions of holy water
 Tools    ('(')
  j - a leather drum
  F - a +0 pick-axe (alternate weapon; not wielded)
 Gems/Stones  ('*')
  i - a worthless piece of violet glass named soft
  C - a worthless piece of yellow glass named soft
  G - a worthless piece of yellowish brown glass named soft

Eymerich the Priest's attributes:

Background:
 You were an Adept, a level 6 elven Priest.
 You were chaotic, nominally on a mission for Poseidon
 who was opposed by Athena (lawful) and Hermes (neutral).
 You were right-handed.
 You were in the Dungeons of Doom, on level 3.
 You entered the dungeon 3482 turns ago.
 You had 466 experience points, 174 more were needed to attain level 7.

Basics:
 You had 0 out of 45 hit points.
 You had 22 out of 91 energy points (spell power).
 Your armor class was 1.
 Your wallet contained 28 zorkmids.
 Autopickup was off.

Final Characteristics:
 Your strength was 13 (limit:18).
 Your dexterity was 12 (limit:18).
 Your constitution was 14 (limit:16).
 Your intelligence was 10 (limit:20).
 Your wisdom was 18 (limit:20).
 Your charisma was 10 (limit:18).

Final Status:
 You were deaf.
 You weren't hungry.
 You were burdened; movement was slightly slowed.
 You were wielding a mace.
 You had basic skill with mace and could have enhanced that.

Final Attributes:
 You were piously aligned.
 You were sleep resistant.
 You had infravision.
 You were guarded.
 Your spell casting was impaired by metallic armor, mitigated by your robe.
 You are dead.

Miscellaneous:
 You didn't encounter any bones levels.
 Total elapsed playing time was 59 minutes and 14 seconds.

Major events:
 Turn
    1: Eymerich the chaotic elven Priest entered the dungeon
  599: attained the rank of Acolyte (level 3)
  962: entered the Gnomish Mines
 2326: attained the rank of Adept (level 6)
 3482: killed by a rothe

Spells:
 Name                 Level Category     Fail Retention
 healing                1   healing       13%  76%-100%
 light                  1   clerical      31%   81%-90%

Skills:
 Fighting Skills
   bare handed combat [Unskilled]
 Weapon Skills
   club               [Unskilled]
   mace               [Basic]
   morning star       [Unskilled]
   flail              [Unskilled]
   hammer             [Unskilled]
   quarterstaff       [Unskilled]
   polearms           [Unskilled]
   spear              [Unskilled]
   trident            [Unskilled]
   lance              [Unskilled]
   bow                [Unskilled]
   sling              [Unskilled]
   crossbow           [Unskilled]
   dart               [Basic]
   shuriken           [Unskilled]
   boomerang          [Unskilled]
   unicorn horn       [Unskilled]
 Spellcasting Skills
   healing spells     [Unskilled]
   divination spells  [Unskilled]
   clerical spells    [Basic]

Voluntary challenges:
 Character rerolling was not enabled.
 You were an atheist.
 You were illiterate.
 You never genocided any monsters.
 You never polymorphed an object.
 You never changed form.
 You used no wishes.
Achievements:
 You attained the rank of Acolyte.
 You entered the Gnomish Mines.
 You entered a shop.
 You attained the rank of Adept.

 The Dungeons of Doom: levels 1 to 3
    Level 1:
       A fountain.
    Level 2: "vault, closed shop, large box"
       Some fountains.
    Level 3: "vault" <- You were here.
       A food shop.
       Stairs down to The Gnomish Mines.
       Final resting place for
          you, killed by a rothe.
 The Gnomish Mines: levels 4 to 5
    Level 4: "locked chest"
    Level 5:


Vanquished creatures:
 an orc shaman
  a shrieker
  a violet fungus
  3 gnome leaders
  a gnomish wizard
  a gray ooze
 an elf zombie
  a ghoul
  a floating eye
  a kitten
  5 dwarves
  2 rothes
  a werejackal
  2 iguanas
  2 acid blobs
  a gas spore
  3 hobbits
  3 manes
  a hobgoblin
  a yellow mold
 19 gnomes
  2 gnome zombies
  2 geckos
  3 jackals
  2 foxes
  3 kobolds
  2 goblins
  a sewer rat
  6 grid bugs
  2 lichens
  a kobold zombie
  5 newts
81 creatures vanquished.

No species were genocided or became extinct.

Game over:
                       ----------
                      /          \
                     /    REST    \
                    /      IN      \
                   /     PEACE      \
                  /                  \
                  |     Eymerich     |
                  |      28 Au       |
                  |   killed by a    |
                  |      rothe       |
                  |                  |
                  |                  |
                  |       2026       |
                 *|     *  *  *      | *
        _________)/\\_//(\/(/\)/\//\/|_)_______

Goodbye Eymerich the Priest...

You died in The Dungeons of Doom on dungeon level 3 with 2090 points,
and 28 pieces of gold, after 3482 moves.
You were level 6 with a maximum of 45 hit points when you died.

